 Dungeon Crawl Stone Soup version 0.21-a0-401-g0b6bec4 (webtiles) character file.

156 Draznyth the Bolt Thrower (level 5, 0/45 HPs)
             Began as a Minotaur Hunter on Oct 20, 2017.
             Slain by Sigmund
             ... wielding a cursed -1 scythe
              (4 damage)
             ... on level 3 of the Dungeon on Oct 23, 2017.
             The game lasted 00:48:45 (3236 turns).

Draznyth the Bolt Thrower (Minotaur Hunter)         Turns: 3236, Time: 00:48:46

Health: 0/45       AC:  9    Str: 17      XL:     5   Next: 14%
Magic:  4/4        EV:  9    Int:  7 (8)  God:
Gold:   113        SH:  5    Dex: 11      Spells: 4/4 levels left

rFire    . . .     SeeInvis .   a - +1 hand crossbow
rCold    . . .     Gourm    .   A - +0 buckler
rNeg     . . .     Faith    .   t - +1 scale mail
rPois    .         Spirit   .   (helmet restricted)
rElec    .         Reflect  +   Q - +0 cloak
rCorr    .         Harm     .   u - +0 pair of gloves
MR       +....                  (no boots)
Stlth    ..........             k - +2 amulet of reflection
HPRegen  0.15/turn              o - ring of protection from magic
MPRegen  0.09/turn              (no ring)

@: no status effects
A: retaliatory headbutt, horns 2
a: no special abilities


You were on level 3 of the Dungeon.
You were not hungry.

You visited 1 branch of the dungeon, and saw 3 of its levels.

You collected 113 gold pieces.

Inventory:

Hand Weapons
 a - a +1 hand crossbow (weapon)
 b - a +2 mace of protection
 M - a +0 mace of protection
 P - a +2 quarterstaff of chaos
Missiles
 d - 21 bolts (quivered)
 e - 21 arrows
 p - 84 stones
Armour
 t - a +1 scale mail (worn)
 u - a +0 pair of gloves (worn)
 A - a +0 buckler (worn)
 Q - a +0 cloak (worn)
Jewellery
 k - a +2 amulet of reflection (around neck)
 o - a ring of protection from magic (left hand)
Wands
 O - a wand of random effects (28/48)
Scrolls
 j - a scroll of fear
 B - 2 scrolls of fog
Comestibles
 f - a bread ration
 g - a meat ration


   Skills:
 + Level 3.0 Fighting
 + Level 6.2 Crossbows
 + Level 1.8 Armour
 + Level 2.5 Dodging
 + Level 1.0 Stealth
 + Level 1.0 Shields


You had 4 spell levels left.
You didn't know any spells.

Dungeon Overview and Level Annotations

Branches:
Dungeon (3/15)

Altars:

Annotations:
D:3 Sigmund


Innate Abilities, Weirdness & Mutations

You reflexively headbutt those who attack you in melee.
You have a pair of horns on your head.


Message History

A magic dart appears from out of thin air!
The magic dart hits you!
Firing (i - inventory. (,) - cycle):
d - 25 bolts (quivered)
Press: ? - help, Shift-Dir - straight line You shoot a bolt.
Something hits you but does no damage.
You miss something. Something hits you!
* * * LOW HITPOINT WARNING * * *
Firing (i - inventory. (,) - cycle):
d - 24 bolts (quivered)
Press: ? - help, Shift-Dir - straight line You shoot a bolt.
Something hits you.
* * * LOW HITPOINT WARNING * * *
You aren't carrying any potions.
You eat the royal jelly.
That royal jelly was delicious!
Firing (i - inventory. (,) - cycle):
d - 23 bolts (quivered)
Press: ? - help, Shift-Dir - straight line You shoot a bolt.
Something hits you but does no damage.
Firing (i - inventory. (,) - cycle):
d - 22 bolts (quivered)
Press: ? - help, Shift-Dir - straight line You shoot a bolt.
Something hits you.
You die...

##.. . ... ... ..
....#####.##
#...#....(.#
#..(......#######
#......(..##....###
#({@...##.##...###
#......##..###.<.###
#......###....##....
#......# ####.###...
#......# #.###%##
#......# #.......
#####..### #..###..
#....####..###..
#.##.##>..###..#


There were no monsters in sight!

Vanquished Creatures
  Crazy Yiuf (D:2)
  Jessica (D:2)
  Terence (D:2)
  An adder (D:3)
  2 worms
  2 dart slugs (D:2)
  A leopard gecko (D:2)
  5 bats
  4 giant cockroaches
  9 goblins
  8 hobgoblins
  7 kobolds
  A ball python (D:1)
  5 frilled lizards
  A quokka skeleton (D:2)
  5 rats
54 creatures vanquished.

Notes
Turn   | Place    | Note
-------+----------+-------------------------------------------
     0 | D:1      | Draznyth the Minotaur Hunter began the quest for the Orb.
     0 | D:1      | Reached XP level 1. HP: 18/18 MP: 0/0
   185 | D:1      | sup
   233 | D:1      | Reached XP level 2. HP: 25/25 MP: 1/1
   242 | D:1      | Reached skill level 5 in Crossbows
  1102 | D:2      | Reached XP level 3. HP: 27/30 MP: 2/2
  1722 | D:2      | Noticed Terence
  1731 | D:2      | Killed Terence
  1731 | D:2      | Reached skill level 1 in Armour
  1731 | D:2      | Reached skill level 1 in Stealth
  1731 | D:2      | Reached XP level 4. HP: 33/37 MP: 3/3
  1835 | D:2      | Found a runed door.
  1843 | D:2      | Noticed Crazy Yiuf
  1852 | D:2      | Killed Crazy Yiuf
  2043 | D:2      | Reached skill level 6 in Crossbows
  2063 | D:2      | Noticed Jessica
  2069 | D:2      | Killed Jessica
  2281 | D:2      | Upgraded the game from 0.21-a0-400-g417d9d2 to 0.21-a0-401-g0b6bec4
  2843 | D:2      | Reached XP level 5. HP: 45/45 MP: 4/4
  3207 | D:3      | Noticed Sigmund
  3211 | D:3      | Reached skill level 1 in Shields
  3236 | D:3      | Slain by Sigmund

Vault maps used:
D:1:      giann_wishing_wells
D:2:      first_bread, uniq_terence, uniq_crazy_yiuf_cottage, uniq_jessica
D:3:      nemelex_diamond_rough_becter, uniq_sigmund

Skill      XL: |  1  2  3  4  5 |
---------------+----------------+-----
Crossbows      | 5 6 |  6.2
Armour         | 1 |  1.8
Stealth        | 1 |  1.0
Fighting       | 3 |  3.0
Shields        | 1 |  1.0
Dodging        | |  2.5

Action                   |  1- 3 |  4- 6 || total
-------------------------+-------+-------++-------
Melee: Hand crossbow     |    12 |     8 ||    20
       Headbutt          |     2 |     1 ||     3
 Fire: Hand crossbow     |    71 |    52 ||   123
  Use: Scroll            |     7 |       ||     7
       Potion            |     3 |       ||     3
  Eat: Chunk             |     2 |     2 ||     4
       Bread ration      |       |     1 ||     1
       Royal jelly       |       |     1 ||     1
Armor: Leather armour    |    13 |       ||    13
       Scale mail        |     1 |    18 ||    19
Dodge: Dodged            |    36 |     8 ||    44
Block: Buckler           |     4 |     8 ||    12
       Reflection        |       |     1 ||     1

Table legend:
 A = Spawn XP
 B = Non-spawn XP
 C = Spawn XP percentage of total XP
 D = Spawn monster count
 E = Non-spawn monster count
 F = Spawn count percentage of total count
 G = Total turns spent on level
                    A         B        C        D         E        F      G
               +---------+---------+-------+---------+---------+-------+---------
         Total |       0 |     223 |   0.0 |       0 |      54 |   0.0 |  3236
               +---------+---------+-------+---------+---------+-------+---------
           D:1 |       0 |      32 |   0.0 |       0 |      20 |   0.0 |  1013
           D:2 |       0 |     164 |   0.0 |       0 |      27 |   0.0 |  2049
           D:3 |       0 |      27 |   0.0 |       0 |       7 |   0.0 |   174
               +---------+---------+-------+---------+---------+-------+---------
